 Dungeon Sprint DCSS version 0.19.0-18-g426998a (webtiles) character file.

178 equalderp2856 the Gouger (level 5, -4/26 HPs)
             Began as a Felid Fighter on Nov 11, 2016.
             Slain by a hell hound (12 damage)
             ... in the Dungeon (Sprint IX: "|||||||||||||||||||||||||||||").
             The game lasted 00:01:09 (589 turns).

equalderp2856 the Gouger (Felid Fighter)             Turns: 589, Time: 00:01:10

Health: -4/26      AC:  1    Str: 16    XL:     5   Next: 32%
Magic:  6/6        EV: 23    Int: 12    God:
Gold:   0          SH:  0    Dex: 16    Spells: 0 memorised, 4 levels left
                                        Lives:  0   Deaths: 1

rFire  . . .     SeeInvis +       - Unarmed
rCold  . . .     Gourm    .     (armour unavailable)
rNeg   . . .     Faith    .     (shield unavailable)
rPois  .         Spirit   .     (helmet unavailable)
rElec  .         Reflect  .     (cloak unavailable)
rCorr  .         Harm     .     (gloves unavailable)
MR     .....     NoTele   +     (boots unavailable)
Stlth  ++++......               (no amulet)
                                m - +3 ring of intelligence
                                n - +3 ring of strength

@: quick
A: no armour, no weapons or thrown items, stealth, claws 1, fangs 3, see
invisible, carnivore 3, speed 1, shaggy fur 1, slow metabolism 1, sharp paws
a: no special abilities


You were in the Dungeon.
You were not hungry.

You visited 1 branch

Inventory:

Jewellery
 m - a +3 ring of intelligence (right paw)
 n - a +3 ring of strength (left paw)
Wands
 l - a wand of lightning (7/15)
Scrolls
 h - 2 scrolls of blinking
 j - 3 scrolls of remove curse
 k - 2 scrolls of amnesia
Potions
 a - a potion of might
 c - 5 potions of curing
 d - 3 potions of heal wounds
 e - a potion of haste
 f - 4 potions of magic
 g - a potion of berserk rage
 i - a potion of invisibility
Comestibles
 b - 13 meat rations


   Skills:
 + Level 5.1 Fighting
 + Level 8.0 Dodging
 * Level 6.7 Stealth
 + Level 9.7 Unarmed Combat


You had 4 spell levels left.
You didn't know any spells.

Dungeon Overview and Level Annotations

Branches:
Dungeon (1/1)

Altars:
Cheibriados
Dithmenos
Elyvilon
Fedhas
Gozag
Hepliaklqana
Kikubaaqudgha
Makhleb
Nemelex Xobeh
Okawaru
Qazlal
Ru
Sif Muna
Trog
Uskayaw
Vehumet
Xom
Yredelemnul
Zin
The Shining One
Beogh
Jiyva
Lugonu


Innate Abilities, Weirdness & Mutations

You cannot wear armour.
You are incapable of wielding weapons or throwing items.
Your paws allow you to move quietly. (Stealth)
You have sharp claws.
You have razor-sharp teeth.
You have supernaturally acute eyesight. (SInv)
You are carnivorous and can eat meat at any time.
You cover ground quickly.
You are covered in fur. (AC +1)
You have a slow metabolism.
Your sharp claws are effective at attacking unaware monsters.


Message History

You have reached level 5!
You feel agile. The hell hound closely misses you.
You closely miss the hell hound.
The warg howls!
You claw the hell hound. Your bite misses the hell hound.
The hell hound is lightly wounded.
The hell hound bites you.
You completely miss the hell hound.
The hell hound is lightly wounded.
The hell hound bites you!
A warg comes into view.
The warg howls!
You claw the hell hound!
The hell hound is moderately wounded.
The hell hound misses you.
You claw the hell hound!
The hell hound is heavily wounded.
The hell hound closely misses you. The hell hound bites you!
You die...

▓'▓.▓
▓.▓.▓
▓.▓.▓
▓[▓.▓
▓[▓.▓
▓+▓
▓[▓.▓
▓W▓
▓[▓.▓
▓S▓
▓.▓.▓
▓Z▓
▓@▓.▓
▓Y▓
▓h▓.▓
▓T▓
▓h▓.▓
▓†▓
▓h▓
▓'▓
▓h▓
▓.▓
▓h▓
▓.▓
▓h▓
▓[▓
▓h▓
▓[▓


You could see 4 wargs, 2 hell hounds and a wolf.

Vanquished Creatures
  A warg (D)
  A scorpion (D)
  A jelly (D)
  An iguana (D)
  A worker ant (D)
  A leopard gecko (D)
  A bat skeleton (D)
  A hobgoblin (D)
  A jackal (D)
  A kobold (D)
  2 rats (D)
12 creatures vanquished.

Notes
Turn   | Place    | Note
-------+----------+-------------------------------------------
     0 | D        | equalderp2856 the Felid Fighter began the quest for the Orb.
     0 | D        | Reached XP level 1. HP: 10/10 MP: 2/2
   239 | D        | Noticed a scorpion
   239 | D        | Noticed a jelly
   239 | D        | Noticed a worker ant
   242 | D        | Killed a worker ant
   242 | D        | Reached skill level 5 in Dodging
   242 | D        | Reached skill level 6 in Unarmed Combat
   242 | D        | Reached XP level 2. HP: 3/15 MP: 3/3
   245 | D        | Reached XP level 3. HP: 3/18 MP: 4/4
   483 | D        | Reached skill level 1 in Stealth
   483 | D        | Reached skill level 7 in Unarmed Combat
   490 | D        | Killed a scorpion
   490 | D        | Reached skill level 8 in Unarmed Combat
   490 | D        | Reached XP level 4. HP: 22/22 MP: 5/5
   493 | D        | Found a roughly hewn altar of Beogh.
   493 | D        | Found a snail-covered altar of Cheibriados.
   493 | D        | Found a shadowy altar of Dithmenos.
   493 | D        | Found a white marble altar of Elyvilon.
   493 | D        | Found a blossoming altar of Fedhas.
   493 | D        | Found an opulent altar of Gozag.
   494 | D        | Found a hazy altar of Hepliaklqana.
   495 | D        | Found a viscous altar of Jiyva.
   496 | D        | Found an ancient bone altar of Kikubaaqudgha.
   497 | D        | Found a corrupted altar of Lugonu.
   498 | D        | Found a burning altar of Makhleb.
   499 | D        | Found a sparkling altar of Nemelex Xobeh.
   500 | D        | Found an iron altar of Okawaru.
   501 | D        | Found a stormy altar of Qazlal.
   502 | D        | Found a sacrificial altar of Ru.
   503 | D        | Found a deep blue altar of Sif Muna.
   504 | D        | Found a bloodstained altar of Trog.
   505 | D        | Found a hide-covered altar of Uskayaw.
   506 | D        | Found a radiant altar of Vehumet.
   507 | D        | Found a shimmering altar of Xom.
   508 | D        | Found a basalt altar of Yredelemnul.
   509 | D        | Found a glowing silver altar of Zin.
   510 | D        | Found a glowing golden altar of the Shining One.
   545 | D        | Noticed a hungry ghost
   545 | D        | Noticed a water moccasin
   545 | D        | Noticed a yak
   545 | D        | Noticed a troll
   552 | D        | Mangled by a troll
   553 | D        | Reached XP level 3. HP: -11/18 MP: 4/4
   576 | D        | Noticed a warg
   576 | D        | Noticed a wolf
   576 | D        | Noticed a hell hound
   578 | D        | Noticed a warg
   580 | D        | Noticed a hell hound
   581 | D        | Noticed a warg
   583 | D        | Noticed a warg
   585 | D        | Killed a warg
   585 | D        | Reached skill level 5 in Fighting
   585 | D        | Reached skill level 9 in Unarmed Combat
   585 | D        | Reached XP level 4. HP: 23/23 MP: 5/5
   585 | D        | Reached XP level 5. HP: 26/26 MP: 6/6
   588 | D        | Noticed a warg
   589 | D        | Slain by a hell hound

Skill      XL: |  1  2  3  4 |
---------------+-------------+-----
Dodging        | 5 8 7 |  8.0
Unarmed Combat | 6 9 |  9.7
Fighting       | 5 |  5.1
Stealth        | 6 4 |  6.7

Action                   |  1- 3 |  4- 6 || total
-------------------------+-------+-------++-------
Melee: Unarmed           |    35 |     9 ||    44
       Bite              |     3 |       ||     3
       Punch             |       |     2 ||     2
 Stab: Sleeping          |     2 |     2 ||     4
Dodge: Dodged            |    26 |     8 ||    34
